 Dungeon Crawl Stone Soup version 0.30.1-9-gdf580d7c3d (webtiles) character file.

Game seed: 9091890934634618405

21601 pkoi the Destroyer (level 12, -4/92 HPs)
             Began as a Pale Draconian Conjurer on Oct 2, 2023.
             Was a Priest of Vehumet.
             Slain by a boulder beetle (16 damage)
             ... on level 4 of the Lair of Beasts on Oct 8, 2023.
             The game lasted 00:36:45 (18497 turns).

pkoi the Destroyer (Pale Draconian Conjurer)       Turns: 18497, Time: 00:36:45

Health: -4/92      AC: 15    Str:  6    XL:     12   Next: 55%
Magic:  1/24       EV: 12    Int: 29    God:    Vehumet [***...]
Gold:   766        SH:  0    Dex:  9    Spells: 16/27 levels left

rFire   . . .        z - +8 mace "Worm" {freeze, rPois rN+ Will+ Str-5}
rCold   . . .        (no shield)
rNeg    + . .        (body armour unavailable)
rPois   +            (helmet restricted)
rElec   .            y - +0 cloak
rCorr   .            (no gloves)
SInv    .            o - +1 pair of boots
Will    +....        g - amulet of regeneration
Stlth   ++           j - +4 ring of protection
HPRegen 1.15/turn    l - +6 ring of intelligence
MPRegen 0.19/turn

%: no passive effects
@: short of breath
A: breathe steam, AC +8, unfitting armour, cold-blooded, steam resistance
a: Breathe Steam, Renounce Religion


You were on level 4 of the Lair of Beasts.
You worshipped Vehumet.
Vehumet was most pleased with you.
You visited 3 branches of the dungeon, and saw 16 of its levels.

You collected 766 gold pieces.

Inventory:

Hand Weapons
 r - a +5 dagger
 z - the +8 mace "Worm" (weapon) {freeze, rPois rN+ Will+ Str-5}
   (You found it on level 6 of the Dungeon)

   Str:       It affects your strength (-5).
   rPois:     It protects you from poison.
   rN:        It protects you from negative energy.
   Will:      It increases your willpower.
Missiles
 s - 30 poisoned darts
 w - a throwing net
 E - 2 curare-tipped darts
Armour
 o - a +1 pair of boots (worn)
 y - a +0 cloak (worn)
Jewellery
 g - an amulet of regeneration (around neck)
 j - a +4 ring of protection (left hand)
 l - a +6 ring of intelligence (right hand)
Wands
 c - a wand of digging (6)
 q - a wand of flame (15)
 v - a wand of mindburst (11)
 H - a wand of iceblast (4)
 J - a wand of polymorph (4)
Scrolls
 f - 2 scrolls of blinking
 m - 3 scrolls of teleportation
 n - 2 scrolls of poison
 C - 2 scrolls of fear
 D - 2 scrolls of identify
 G - a scroll of fog
 I - a scroll of silence
 K - a scroll of enchant armour
 L - a scroll of amnesia
Potions
 a - a potion of magic
 b - 2 potions of ambrosia
 d - a potion of lignification
 e - 3 potions of brilliance
 h - 5 potions of might
 i - 3 potions of resistance
 k - 9 potions of curing
 t - 3 potions of haste
 u - 2 potions of invisibility
 A - a potion of heal wounds


   Skills:
 + Level 4.6 Fighting
 + Level 4.3 Dodging
 + Level 4.6 Stealth
 + Level 8.2 Spellcasting
 + Level 13.6 Conjurations
 + Level 8.4 Hexes
 - Level 8.0 Translocations


You had 16 spell levels left.
You knew the following spells:

 Your Spells              Type           Power      Damage    Failure   Level
a - Magic Dart            Conj           100%       1d8       0%          1
b - Searing Ray           Conj           100%       2d8       1%          2
c - Iskenderun's Mystic   Conj/Tloc      66%        2d14      1%          4
d - Fulminant Prism       Conj/Hex       33%        3d15      1%          4

Your spell library contained the following spells:

 Spells                   Type           Power      Damage    Failure   Level
 Mephitic Cloud           Conj/Pois/Air  38%        N/A       1%          3
 Dazzling Flash           Conj/Hex       100%       N/A       1%          3
 Gell's Gravitas          Tloc           55%        N/A       1%          3
 Portal Projectile        Hex/Tloc       100%       N/A       1%          3
 Teleport Other           Tloc           55%        N/A       1%          3
 Sting                    Tmut/Pois      48%        1d5       4%          1
 Frozen Ramparts          Ice            24%        1d4       4%          3
 Cigotuvi's Dreadful Rot  Necr/Pois/Air  24%        N/A       7%          2
 Leda's Liquefaction      Hex/Erth       18%        N/A       8%          4
 Olgreb's Toxic Radiance  Pois           12%        N/A       12%         4
 Call Canine Familiar     Summ           12%        N/A       14%         3
 Ozocubu's Armour         Ice            12%        N/A       14%         3
 Spider Form              Tmut/Pois      12%        N/A       14%         3
 Metabolic Englaciation   Hex/Ice        18%        N/A       22%         5
 Dispersal                Tloc           27%        N/A       26%         6
 Ice Form                 Ice/Tmut       12%        N/A       41%         4
 Summon Ice Beast         Ice/Summ       12%        N/A       41%         4
 Alistair's Intoxication  Tmut/Pois      8%         N/A       77%         5
 Simulacrum               Ice/Necr       6%         N/A       100%        6


Dungeon Overview and Level Annotations

Branches:
Dungeon (10/15)            Temple (1/1) D:7            Lair (5/5) D:10
 Shoals (0/4) Lair:2       Spider (0/4) Lair:3
  Slime: Lair:4-5       Orc: D:9-12

Altars:
Ashenzari
Cheibriados
Dithmenos
Elyvilon
Fedhas
Gozag
Hepliaklqana
Kikubaaqudgha
Makhleb
Nemelex Xobeh
Okawaru
Qazlal
Ru
Sif Muna
Trog
Uskayaw
Vehumet
Wu Jian
Xom
Yredelemnul
Zin
The Shining One

Shops:
D:1 [   D:5 [

Annotations:
D:7 2 transporters, boopmooplesden's ghost, novice MiFi
Lair:2 exclusion: oklob plant


Innate Abilities, Weirdness & Mutations

You can breathe blasts of scalding, opaque steam.
Your pale cyan-grey scales are hard. (AC +8)
You cannot fit into any form of body armour.
You are cold-blooded and may be slowed by cold attacks.
You are immune to the effects of steam.


Message History

The skyshark bites you!!
The skyshark enters a blood-rage!
The skyshark barely misses you. The skyshark tail-slaps you!
Your fulminant prism explodes!
Casting: Iskenderun's Mystic Blast (safe; 1% risk of failure)
Confirm with . or Enter, or press ? or * to list all spells.
You erupt in a blast of force!
The mystic blast hits the boulder beetle.
The boulder beetle is lightly wounded.
The boulder beetle is knocked back by the mystic blast.
The mystic blast hits the skyshark!
The skyshark is severely wounded.
The skyshark is knocked back by the mystic blast.
The skyshark slams into the rock wall!
The skyshark is almost dead.
The skyshark barely misses you. The skyshark tail-slaps you!
The skyshark completely misses you.
Casting: Iskenderun's Mystic Blast (safe; 1% risk of failure)
Confirm with . or Enter, or press ? or * to list all spells.
You erupt in a blast of force!
The mystic blast hits the skyshark but does no damage.
The skyshark is almost dead.
The skyshark bites you!
The skyshark tail-slaps you but does no damage. x2
Aiming: Breathe Steam (1% risk of failure)
Press: ? - help, Shift-Dir - straight line, f - skyshark
Aim: a skyshark (almost dead, berserk, 81% to hit)
You exhale a blast of scalding steam.
The ball of steam hits the skyshark!
The skyshark is almost dead.
The skyshark is engulfed in a cloud of scalding steam.
The skyshark bites you!!
* * * LOW HITPOINT WARNING * * *
The skyshark tail-slaps you but does no damage.
The skyshark tail-slaps you.
* * * LOW HITPOINT WARNING * * *
The skyshark is engulfed in a cloud of scalding steam.
The skyshark bites you but does no damage.
The skyshark tail-slaps you.
* * * LOW HITPOINT WARNING * * *
The skyshark barely misses you. The boulder beetle hits you!
You die...

##..#.#......###
# #.#...##.....#
# ###.........##
# ##.........##
# #P.......###
### #.......^.#
##..
#.........##
#...
##......>..#
##..
##.°°○B@l### ###
##. ##.......###
#.#####
#..........#
##....#
##........##
###....#
#.........#
#.......
##.........##
#.......
#.#.........##
##......
###........#.#
##..#P#..
#.......####
##..P####.


You could see a boulder beetle (rolling) and a skyshark (berserk).

Vanquished Creatures
  2 hydras
  A two-headed ogre (D:10)
  A catoblepas (D:10)
  Erica (D:8)
  2 skysharks
  Pikel (D:5)
  6 elephants (Lair:1)
  4 black mambas
  6 cane toads
  3 komodo dragons
  2 rime drakes (Lair:3)
  A troll (D:10)
  2 hornets
  5 dream sheep (Lair:3)
  A snapping turtle (Lair:2)
  2 jumping spiders (Lair:3)
  2 culicivoras (Lair:3)
  5 wyverns
  2 basilisks
  12 yaks
  Eustachio (D:5)
  A redback (Lair:3)
  A steam dragon (D:8)
  Menkaure (D:4)
  8 water moccasins
  5 orc warriors (D:10)
  2 black bears (Lair:1)
  An ice beast (D:7)
  6 wolves
  4 centaurs
  A lemure (D:5)
  A phantom (D:5)
  4 kobold brigands
  A gnoll sergeant (D:8)
  12 bullfrogs
  3 scorpions (D:5)
  9 wights
  5 killer bees (D:9)
  3 howler monkeys
  An electric eel (Lair:2)
  2 hounds
  4 orc priests
  Crazy Yiuf (D:5)
  3 iguanas
  Ijyb (D:5)
  4 orc wizards (D:5)
  19 gnolls
  6 adders
  A shadow imp (D:6)
  A white imp (D:6)
  45 orcs
  7 ball pythons
  3 bats
  4 endoplasms
  A giant cockroach (D:1)
  5 goblins
  9 hobgoblins
  2 quokkas
  5 frilled lizards
  22 kobolds
  2 rats (D:3)
278 creatures vanquished.

Vanquished Creatures (others)
  98 fulminant prisms
98 creatures vanquished.

Grand Total: 376 creatures vanquished

Notes
Turn   | Place    | Note
-------+----------+-------------------------------------------
     0 | D:1      | pkoi the Draconian Conjurer began the quest for the Orb.
     0 | D:1      | Reached XP level 1. HP: 14/14 MP: 3/3
   215 | D:1      | Found Jammuul's Antique Armour Shoppe.
   479 | D:1      | Reached XP level 2. HP: 20/20 MP: 0/5
  1027 | D:1      | Learned a level 2 spell: Searing Ray
  1370 | D:2      | Reached skill level 5 in Conjurations
  1412 | D:2      | Noticed a phantom
  1451 | D:2      | Reached XP level 3. HP: 8/26 MP: 2/6
  1672 | D:2      | Found a faded altar of an unknown god.
  2668 | D:3      | Identified the ring "Camut" {rN+ Int+3}
  2923 | D:4      | Noticed Menkaure
  3042 | D:4      | Reached XP level 4. HP: 33/33 MP: 1/7
  3390 | D:4      | Learned a level 4 spell: Iskenderun's Mystic Blast
  3421 | D:4      | Killed Menkaure
  3422 | D:4      | Reached skill level 6 in Conjurations
  3422 | D:4      | Reached XP level 5. HP: 24/38 MP: 2/8
  3583 | D:4      | Reached XP level 6. HP: 30/45 MP: 1/9
  4396 | D:5      | Entered Level 5 of the Dungeon
  4430 | D:5      | Found Ycvisal's Antique Armour Shoppe.
  4586 | D:5      | Found a white marble altar of Elyvilon.
  4602 | D:5      | Reached skill level 7 in Conjurations
  4742 | D:5      | Noticed Ijyb
  4860 | D:5      | Killed Ijyb
  5067 | D:5      | Your scales start taking on a pale cyan-grey colour.
  5067 | D:5      | Reached XP level 7. HP: 50/50 MP: 7/10
  5067 | D:5      | Gained mutation: You are immune to the effects of steam.
                  | [Pale Draconian growth]
  5683 | D:5      | Noticed Eustachio
  5727 | D:5      | Noticed Pikel
  5736 | D:5      | Killed Pikel
  5737 | D:5      | Reached skill level 8 in Conjurations
  5737 | D:5      | Reached XP level 8. HP: 47/57 MP: 1/11
  5939 | D:5      | Killed Eustachio
  5999 | D:5      | Found an iron altar of Okawaru.
  6028 | D:5      | Found a runed translucent door.
  6029 | D:5      | Noticed Crazy Yiuf
  6155 | D:5      | Reached skill level 9 in Conjurations
  6517 | D:5      | Killed Crazy Yiuf
  6810 | D:6      | Found an ancient bone altar of Kikubaaqudgha.
  7004 | D:6      | Identified the +5 scale mail of Death Resistance {Harm
                  | rCorr Str+5 Slay-4}
  7034 | D:6      | Identified the +8 mace "Worm" {freeze, rPois rN+ Will+
                  | Str-5}
  7312 | D:6      | Found a basalt altar of Yredelemnul.
  7399 | D:7      | Found a shimmering altar of Xom.
  7416 | D:7      | Found a staircase to the Ecumenical Temple.
  7430 | D:7      | Identified the +3 trident "Tezaimad" {venom, Int+4}
  7430 | D:7      | Identified the +2 ring mail of Rotten Awe {rPois MP-9 Dex+4
                  | SInv}
  7430 | D:7      | Identified the +1 buckler "Jomaahoe" {Harm +Inv Dex-4}
  7439 | Temple   | Entered the Ecumenical Temple
  7601 | Temple   | Became a worshipper of Vehumet
  7619 | D:7      | Got the Excursus on the Spider
  8156 | D:7      | Found a transporter.
  8207 | D:7      | Found a transporter.
  8207 | D:7      | Identified the ring "Izicoup" {Fire Str+3 Int+4}
  8214 | D:7      | Noticed boopmooplesden's ghost (novice MiFi)
  8221 | D:7      | Reached XP level 9. HP: 36/62 MP: 8/12
  8517 | D:8      | Reached skill level 10 in Conjurations
  8636 | D:8      | Noticed Erica
  8795 | D:7      | Learned a level 4 spell: Fulminant Prism
  8960 | D:8      | Reached skill level 1 in Hexes
  9262 | D:8      | Killed Erica
  9592 | D:8      | Found a broken altar of Ashenzari.
  9691 | D:8      | Reached skill level 11 in Conjurations
 10155 | D:9      | Reached * piety under Vehumet
 10155 | D:9      | Offered knowledge of Sandblast by Vehumet.
 10159 | D:9      | Reached XP level 10. HP: 68/69 MP: 8/17
 10527 | D:9      | Found a glowing silver altar of Zin.
 10654 | D:9      | Found a sacrificial altar of Ru.
 10738 | D:9      | Reached skill level 5 in Spellcasting
 11391 | D:10     | Entered Level 10 of the Dungeon
 11944 | D:10     | Noticed a catoblepas
 12125 | D:10     | Killed a catoblepas
 12245 | D:10     | Reached skill level 5 in Hexes
 12312 | D:10     | Offered knowledge of Static Discharge by Vehumet.
 12312 | D:10     | Reached ** piety under Vehumet
 12915 | D:10     | Found a staircase to the Lair.
 13024 | D:10     | Noticed a two-headed ogre
 13047 | D:10     | Killed a two-headed ogre
 13048 | D:10     | Reached skill level 12 in Conjurations
 13259 | Lair:1   | Entered Level 1 of the Lair of Beasts
 13263 | Lair:1   | Noticed an elephant
 13345 | Lair:1   | Noticed an elephant
 13345 | Lair:1   | Noticed an elephant
 13346 | Lair:1   | Killed an elephant
 13346 | Lair:1   | Noticed an elephant
 13411 | Lair:1   | Noticed an elephant
 13413 | Lair:1   | Noticed an elephant
 13590 | Lair:1   | Reached XP level 11. HP: 74/74 MP: 17/21
 13986 | Lair:1   | Offered knowledge of Hailstorm by Vehumet.
 14163 | Lair:1   | Reached *** piety under Vehumet
 14826 | Lair:2   | Found an ornate altar of the Wu Jian Council.
 14826 | Lair:2   | Noticed an oklob plant
 14922 | Lair:2   | Reached skill level 13 in Conjurations
 15182 | Lair:2   | Reached skill level 1 in Fighting
 15289 | Lair:2   | Noticed a five-headed hydra
 15302 | Lair:2   | Killed a five-headed hydra
 15434 | Lair:2   | Offered knowledge of Mephitic Cloud by Vehumet.
 15732 | Lair:2   | Found a staircase to the Shoals.
 15847 | Lair:3   | Noticed a skyshark
 15861 | Lair:2   | Killed a skyshark
 15963 | Lair:3   | Reached XP level 12. HP: 88/88 MP: 21/24
 16688 | Lair:3   | Identified the +5 scale mail of the Distant Future {Stlth+}
 16941 | Lair:3   | Noticed a five-headed hydra
 16951 | Lair:3   | Killed a five-headed hydra
 17090 | Lair:3   | Found a hole to the Spider Nest.
 18240 | Lair:5   | Entered Level 5 of the Lair of Beasts
 18359 | Lair:5   | Noticed a boulder beetle
 18497 | Lair:4   | Slain by a boulder beetle

Illustrated notes

Levels and vault maps discovered:
D:1:      saegor_arrival_simple_e, layout_loops_corners, serial_shops,
          nicolae_lakefront_shop
D:2:      layout_basic, hellmonk_ecumenical_altar_crossroads
D:3:      layout_loops_corners
D:4:      layout_cave_pools, eino_tiny_chamber, fountainhead,
          lexackson_kobold_supper, uniq_menkaure
D:5:      layout_basic, elyvilon_altar_1, mainiacjoe_overflow_paths,
          serial_rivers, chequers_serial_rivers_micro_c,
          chequers_serial_rivers_small_3, chequers_serial_rivers_marsh,
          chequers_serial_rivers_large_a, serial_shops,
          nicolae_shop_window_shopping, uniq_ijyb, uniq_crazy_yiuf_cottage,
          uniq_eustachio, uniq_pikel
D:6:      layout_rooms, amcnicky_altar_gilded,
          nicolae_kikubaaqudgha_miasma_corner
D:7:      layout_cave_pools, mainiacjoe_overflow_brackets,
          minmay_temple_entry_butterflies, gammafunk_ghost_gnarly_gnolls
D:8:      layout_rooms, nicolae_ashenzari_panopticon, serial_bayou_pond_d,
          uniq_erica
D:9:      layout_cave_pods, mainiacjoe_overflow_large_starburst
D:10:     layout_roguey [special_room_orc], dpeg_oklobed_lair
Temple:   eino_narrow_crystal_temple
Lair:1:   layout_long_grid, beast_lair_carwin_11, infiniplex_staircase_pool_2
Lair:2:   layout_regular_city, minmay_shoals_entry_hut, lemuel_oklob_altar
Lair:3:   dreamdust_cave_troll, layout_regular_city,
          nicolae_spider_entry_tight_spaces, lemuel_fruit_fields
Lair:4:   layout_cave_shapes
Lair:5:   hellmonk_lair_end_abyssal_woods, layout_gridlike,
          dpeg_slime_entry_enclosed, ebering_ghost_xom, lookout_lair_type

Skill      XL: |  1  2  3  4  5  6  7  8  9 10 11 12 |
---------------+-------------------------------------+-----
Conjurations   | 5 6 7 8 9 11 12 13 | 13.6
Translocations | 2 4 6 7 8 |  8.0
Spellcasting   | 4 6 8 |  8.2
Hexes          | 3 5 7 8 |  8.4
Dodging        | 3 4 |  4.3
Stealth        | 3 4 |  4.6
Fighting       | 2 4 |  4.6

Action                     |  1- 3 |  4- 6 |  7- 9 | 10-12 || total
---------------------------+-------+-------+-------+-------++-------
  Melee: Dagger            |    10 |     4 |       |       ||    14
         Flail             |       |     6 |    16 |       ||    22
         Tailslap          |       |     2 |     5 |    29 ||    36
         Mace              |       |       |    48 |   195 ||   243
         Punch             |       |       |       |     3 ||     3
   Cast: Magic Dart        |    71 |    86 |   166 |    97 ||   420
         Searing Ray       |       |     5 |     8 |     1 ||    14
         Fulminant Prism   |       |       |    12 |    86 ||    98
         Iskenderun's Myst |       |       |       |    76 ||    76
Ability: Breathe Steam     |       |       |    13 |     5 ||    18
    Use: Scroll            |     8 |       |     9 |     9 ||    26
         Potion            |     1 |       |       |       ||     1
   Stab: Sleeping          |     1 |       |       |       ||     1
 Armour: Skin              |     7 |    12 |    65 |   189 ||   273
  Dodge: Dodged            |    23 |    24 |    83 |   223 ||   353
